 Dungeon Crawl Stone Soup version 0.23.2-1-ga50397a (webtiles) character file.

Game seed: 3944643242974675600

110840 w00t the Severer (level 16, -2/100 HPs)
             Began as a Gargoyle Monk on Apr 16, 2019.
             Was an Initiate of Gozag.
             Slain by a harpy (8 damage)
             ... summoned by Kirke
             ... on level 15 of the Dungeon.
             The game lasted 00:47:57 (21989 turns).

w00t the Severer (Gargoyle Monk)                   Turns: 21989, Time: 00:47:58

Health: -2/100     AC:  0    Str: 20    XL:     16   Next: 56%
Magic:  14/14      EV: 17    Int: 13    God:    Gozag
Gold:   6048       SH:  0    Dex: 12    Spells: 15/15 levels left

rFire    . . .     SeeInvis .   (weapon currently unavailable)
rCold    . . .     Gourm    .   (shield currently unavailable)
rNeg     + . .     Faith    .   (armour currently unavailable)
rPois    ∞         Spirit   .   (helmet currently unavailable)
rElec    .         Reflect  .   (cloak currently unavailable)
rCorr    .         Harm     .   (gloves currently unavailable)
MR       +....     Clarity  +   (boots currently unavailable)
Stlth    ++++......             e - amulet of regeneration {+regen, !d}
HPRegen  0.66/turn              (ring currently unavailable)
MPRegen  0.14/turn              (ring currently unavailable)

@: pig-form, very slightly contaminated, slowed, studying Fighting
A: small, clarity, low mp 1, negative energy resistance 1, sense surroundings 1,
petrification resistance, rot immunity, AC +12
a: Potion Petition, Call Merchant, Bribe Branch, Renounce Religion


You were on level 15 of the Dungeon.
You worshipped Gozag.
Gozag was greatly pleased with you.
You were not hungry.
You were a filthy swine.
You visited 3 branches of the dungeon, and saw 22 of its levels.
You visited the Abyss 1 time.
You also visited: Bailey.

You collected 7348 gold pieces.
You paid 1300 gold pieces to Gozag.

Inventory:

Hand Weapons
 a - a +2 broad axe of freezing (melded)
 b - a +4 eveningstar of protection
Missiles
 p - 74 stones
 A - 22 sling bullets
 C - 3 tomahawks of returning
 E - 8 javelins (quivered)
Armour
 o - a +0 pair of gloves (melded)
 w - the +8 orange crystal plate armour (melded) {Archmagi, Int+3 Clar}
   (You found it on level 4 of the Lair of Beasts)

   It affects your intelligence (+3).
   It protects you against confusion.
 z - a +1 pair of boots (melded)
 B - a +2 cloak of poison resistance (melded)
 I - a +1 hat of magic resistance
 R - a +1 shield (melded)
 X - a +2 helmet (melded)
Jewellery
 c - the ring of the Endless Expanse (melded) {rF+ Str+3}
   (You found it on level 4 of the Lair of Beasts)

   [ring of protection from fire]

   It affects your strength (+3).
   It protects you from fire.
 e - an amulet of regeneration (around neck) {+regen, !d}
 g - an uncursed ring of flight {unknown}
 l - an uncursed ring of see invisible {unknown}
 s - an uncursed amulet of rage {+Rage, !d}
 J - an uncursed ring of flight {unknown}
 O - a ring of stealth (melded) {Stlth+}
Wands
 d - a wand of digging (4) {@Vd}
 h - a wand of paralysis (5)
 v - a wand of iceblast (8)
 x - a wand of clouds (1)
 S - a wand of disintegration (15)
 V - a wand of polymorph (24)
 Z - a wand of flame (33)
Scrolls
 f - 12 scrolls of identify {@r1}
 j - 4 scrolls of fog
 k - 2 scrolls of enchant weapon
 y - 7 scrolls of teleportation
 D - 13 scrolls of remove curse {@r2}
 F - 7 scrolls of blinking {!r}
Potions
 i - a potion of mutation {!q}
 m - 8 potions of curing {@q1}
 q - 2 potions of haste {unknown}
 u - 2 potions of heal wounds {@q2}
 H - a potion of resistance
Books
 t - a manual of Fighting {!d}
Miscellaneous
 n - a fan of gales
 G - a sack of spiders
 N - a phial of floods
Comestibles
 r - 11 rations


   Skills:
 + Level 11.2 Fighting
 - Level 18.0 Axes
 - Level 8.9 Armour
 - Level 6.2 Dodging
 - Level 8.5 Stealth
 - Level 15.0 Shields


You had 15 spell levels left.
You didn't know any spells.
Your spell library contained the following spells:

 Spells                   Type           Power        Failure   Level  Hunger
 Confusing Touch          Hex            #.....       30%         1    ##.....
 Magic Dart               Conj           #...         30%         1    ##.....
 Summon Butterflies       Summ           #.......     30%         1    ##.....
 Blink                    Tloc           N/A          43%         2    ###....
 Call Imp                 Summ           #.......     43%         2    ###....
 Slow                     Hex            #.......     43%         2    ###....
 Call Canine Familiar     Summ           #.......     67%         3    ####...
 Confuse                  Hex            #.......     67%         3    ####...
 Conjure Flame            Conj/Fire      #.......     67%         3    ####...
 Gell's Gravitas          Tloc           #.........   67%         3    ####...
 Mephitic Cloud           Conj/Pois/Air  #.......     67%         3    ####...
 Cause Fear               Hex            #.........   97%         4    #####..
 Petrify                  Tmut/Erth      #.......     97%         4    #####..
 Summon Ice Beast         Ice/Summ       #.......     97%         4    #####..
 Summon Lightning Spire   Summ/Air       #.......     97%         4    #####..
 Bolt of Magma            Conj/Fire/Erth #.........   100%        5    ######.
 Irradiate                Conj/Tmut      #.........   100%        5    ######.
 Iskenderun's Battlesphe  Conj/Chrm      #.......     100%        5    ######.
 Metabolic Englaciation   Hex/Ice        #.........   100%        5    ######.
 Silence                  Hex/Air        #.........   100%        5    ######.
 Summon Mana Viper        Hex/Summ       #.......     100%        5    ######.
 Venom Bolt               Conj/Pois      #.........   100%        5    ######.
 Yara's Violent Unravell  Hex/Tmut       #.........   100%        5    ######.
 Conjure Ball Lightning   Conj/Air       #.........   100%        6    #######
 Deflect Missiles         Chrm/Air       #.........   100%        6    #######
 Hydra Form               Tmut           #.........   100%        6    #######
 Iron Shot                Conj/Erth      #.........   100%        6    #######
 Dragon Form              Tmut           #.........   100%        7    #######
 Orb of Destruction       Conj           #.........   100%        7    #######
 Spellforged Servitor     Conj/Summ      #.........   100%        7    #######
 Summon Hydra             Summ           #.........   100%        7    #######
 Discord                  Hex            #.........   100%        8    #######
 Tornado                  Air            #.........   100%        9    #######
 Statue Form              Tmut/Erth      Unusable     N/A         6    N/A

Dungeon Overview and Level Annotations

Branches:
Dungeon (15/15)            Temple (1/1) D:5            Lair (6/6) D:9
  Swamp (0/4) Lair:2       Spider (0/4) Lair:3        Slime (0/5) Lair:6
    Orc (0/2) D:11         Vaults (0/5) D:14
 Depths: D:15

Altars:
Ashenzari
Cheibriados
Dithmenos
Elyvilon
Fedhas
Gozag
Hepliaklqana
Kikubaaqudgha
Makhleb
Nemelex Xobeh
Okawaru
Qazlal
Ru
Sif Muna
Trog
Uskayaw
Vehumet
Wu Jian
Xom
Yredelemnul
Zin
The Shining One
Jiyva

Shops:
D:7 !

Annotations:
D:10 3 runed translucent doors, exclusion: 3 doors, flotson's ghost, journeyman DsHu
D:12 exclusion: downstairs
D:15 Kirke
Lair:4 exclusion: downstairs


Innate Abilities, Weirdness & Mutations

You are resistant to torment.
((Your stone body is resilient. (AC +12)))
You are immune to poison.
((Your large and strong wings let you fly indefinitely.))
You resist negative energy. (rN+)
((You are resistant to electric shocks. (rElec)))
((You can survive without breathing.))
You are immune to petrification.
You are immune to rotting.
((You are partially covered in yellow scales. (AC +2)))
You possess an exceptional clarity of mind.
Your magical capacity is low. (-10% MP)
You passively map a small area around you.


Message History

Really read
F - 8 scrolls of blinking {!r}?
Blink to where?
Press: ? - help, Dir - move target cursor You are very lightly contaminated with residual magic.
As you read the scroll of blinking {!r}, it crumbles to dust.
The sphinx mumbles some strange words.
You suddenly lose the ability to move!
You can move again.
The sphinx mumbles some strange words.
You struggle to resist.
The harpy barely misses you. The harpy completely misses you.
The harpy claws you!!
* * * LOW HITPOINT WARNING * * *
The harpy misses you.
There is an open door here.
The harpy claws you!
* * * LOW HITPOINT WARNING * * *
The harpy claws you!
You die...
Your body crumbles into a pile of gold.

#.......#.....#..........###
###.......#.....#..........#,,
#.........#.....##.........#
#.........#).....#.)())....# *
#.........'......#.)((.[...#..
#.........#......#..[[)......#
#.........#......#.......####.
######....########.......#⌠..#
#.......h...........#....
#....##H########...)#...#
#....#.........#.#.#.#.#.
#....#.........#....#[...
#....#.........#....#.###
#....#...^.....#....#....
#.####..H......#.........
#.#............#.........
#.#............#.........


You could see a harpy.

Vanquished Creatures
  Jorgrun (D:13)
  An Executioner (Abyss:2)
  Azrael (D:15)
  An ettin (D:15)
  The ghost of frimble the Cleaver, a journeyman DsWr of Makhleb (D:11)
  An ice dragon (Lair:6)
  4 centaur warriors
  3 hydras
  A shambling mangrove (Lair:4)
  2 catoblepae
  8 two-headed ogres
  3 death yaks (Lair:3)
  An ogre mage (D:15)
  A tengu warrior (D:15)
  Urug (Lair:3)
  A soul eater (Abyss:2)
  A wretched star (Abyss:2)
  A shadow wraith (D:14)
  2 unseen horrors
  8 skeletal warriors
  A lindwurm (Lair:6)
  2 wizards
  A wolf spider zombie (D:14)
  An orc knight (D:14)
  4 large abominations (Abyss:2)
  6 oklob plants
  A wolf spider (Lair:6)
  6 ugly things
  A worldbinder (Abyss:2)
  Joseph (D:8)
  A guardian serpent (Lair:6)
  2 apocalypse crabs (Abyss:2)
  2 cyclopes
  A rust devil (Abyss:2)
  5 elephants
  A smoke demon (Abyss:2)
  5 torpor snails (Lair:6)
  7 black mambas
  18 spiny frogs
  2 rime drakes
  3 centaur skeletons
  A freezing wraith (D:9)
  6 komodo dragons
  A harpy zombie (D:13)
  2 polar bears
  2 trolls
  A troll (shapeshifter) (D:15)
  A polar bear (shapeshifter) (D:14)
  11 hornets
  26 blink frogs
  4 tyrant leeches (Lair:6)
  Grinder (D:4)
  8 slime creatures (D:13)
  8 dream sheep
  8 hippogriffs
  2 spriggans (D:11)
  A shadow (D:12)
  A redback (Lair:6)
  2 vampires (D:12)
  A ynoxinul (Abyss:2)
  A wraith (D:12)
  11 wyverns
  Grum (D:8)
  6 fire elementals (D:15)
  26 yaks
  4 small abominations
  16 humans (D:14)
  4 hungry ghosts
  3 basilisks
  A redback simulacrum (D:15)
  4 hogs (D:14)
  24 vampire mosquitoes
  A soldier ant (D:11)
  3 wargs
  24 water moccasins
  10 orc warriors
  2 hell hounds (D:15)
  8 porcupines
  Duvessa (D:6)
  An eye of draining (D:11)
  3 ice beasts
  A black bear (D:9)
  2 phantoms
  6 sky beasts
  8 ogres
  20 wolves
  5 centaurs
  11 crocodiles
  14 bullfrogs
  Dowan (D:6)
  6 scorpions
  19 killer bees
  5 electric eels (Lair:1)
  3 howler monkeys (D:9)
  10 crimson imps
  4 starcursed masses (Abyss:2)
  5 centaur zombies
  A quasit (Abyss:2)
  7 hounds
  9 orc priests
  19 orc wizards
  Crazy Yiuf (D:6)
  A jelly (D:9)
  7 hell rats (Lair:4)
  11 worker ants
  An iguana (D:11)
  Natasha (D:3)
  2 worker ant zombies
  2 howler monkey skeletons
  6 adders
  3 gnolls (D:5)
  A shadow imp (D:15)
  A white imp (Abyss:2)
  An ooze (D:7)
  An adder skeleton (D:4)
  3 worms
  2 dart slugs
  6 leopard geckos
  54 orcs
  6 bats
  3 giant cockroaches
  12 goblins
  5 hobgoblins
  6 jackals
  7 kobolds
  9 quokkas
  A ball python (D:3)
  A leopard gecko skeleton (D:6)
  10 rats
  7 fungi
  9 plants
691 creatures vanquished.

Vanquished Creatures (others)
  An ogre mage (D:15)
  A human (D:2)
  10 fungi
  26 plants
38 creatures vanquished.

Grand Total: 729 creatures vanquished

Notes
Turn   | Place    | Note
-------+----------+-------------------------------------------
     0 | D:1      | w00t the Gargoyle Monk began the quest for the Orb.
     0 | D:1      | Reached XP level 1. HP: 14/14 MP: 1/1
    79 | D:1      | Reached XP level 2. HP: 13/19 MP: 2/2
   516 | D:1      | Reached skill level 3 in Axes
   650 | D:2      | Reached XP level 3. HP: 24/24 MP: 3/3
   658 | D:2      | Found an opulent altar of Gozag.
   695 | D:2      | Became a worshipper of Gozag Ym Sagoz the Greedy
   782 | D:2      | Found an ancient bone altar of Kikubaaqudgha.
   782 | D:2      | Noticed a human
   785 | D:2      | Killed a human
  1144 | D:2      | Reached XP level 4. HP: 27/29 MP: 4/4
  1605 | D:3      | Noticed Natasha
  1615 | D:3      | Killed Natasha
  2018 | D:4      | Reached XP level 5. HP: 29/33 MP: 5/5
  2158 | D:4      | Reached XP level 6. HP: 30/39 MP: 6/6
  2192 | D:4      | Noticed Grinder
  2220 | D:4      | Paralysed by Grinder for 6 turns
  2234 | D:4      | Killed Grinder
  2234 | D:4      | Reached skill level 5 in Fighting
  2234 | D:4      | Reached skill level 4 in Axes
  2234 | D:4      | Reached XP level 7. HP: 32/44 MP: 7/7
  2488 | D:4      | Reached skill level 5 in Stealth
  2682 | D:5      | Entered Level 5 of the Dungeon
  3038 | D:5      | Reached XP level 8. HP: 51/51 MP: 8/8
  3127 | D:5      | Reached skill level 5 in Axes
  3411 | D:5      | Found a staircase to the Ecumenical Temple.
  3416 | Temple   | Entered the Ecumenical Temple
  3774 | D:6      | Noticed Dowan
  3774 | D:6      | Noticed Duvessa
  3794 | D:6      | Killed Duvessa
  3794 | D:6      | Reached skill level 5 in Dodging
  3799 | D:6      | Killed Dowan
  3826 | D:6      | Reached XP level 9. HP: 28/57 MP: 9/9
  4423 | D:6      | Found a runed translucent door.
  4424 | D:6      | Noticed Crazy Yiuf
  4504 | D:6      | Killed Crazy Yiuf
  4504 | D:6      | Reached skill level 6 in Axes
  4868 | D:7      | Found a shimmering altar of Xom.
  4968 | D:7      | Found a flagged portal.
  5057 | D:7      | Found Woneloto's Distillery.
  5087 | Bailey   | Entered a bailey
  5503 | Bailey   | Gained mutation: You are partially covered in yellow
                  | scales. (AC +2) [potion of mutation]
  5503 | Bailey   | Gained mutation: Your magical capacity is low. (-10% MP)
                  | [potion of mutation]
  5503 | Bailey   | Gained mutation: You possess an exceptional clarity of
                  | mind. [potion of mutation]
  5503 | Bailey   | Gained mutation: You passively map a small area around you.
                  | [potion of mutation]
  5871 | Bailey   | Noticed an orc knight
  6011 | D:7      | You fall through a shaft!
  6012 | D:8      | Noticed Joseph
  6055 | D:8      | Killed Joseph
  6307 | D:8      | Found a hide-covered altar of Uskayaw.
  6311 | D:8      | Found a stormy altar of Qazlal.
  6460 | D:8      | Reached XP level 10. HP: 40/64 MP: 9/9
  6536 | D:8      | Reached skill level 7 in Axes
  6944 | D:8      | Noticed Grum
  6960 | D:8      | Killed Grum
  6976 | D:8      | Reached skill level 8 in Axes
  7585 | D:9      | Found an ancient bone altar of Kikubaaqudgha.
  7722 | D:9      | Reached skill level 9 in Axes
  7965 | D:9      | Found a staircase to the Lair.
  8568 | D:9      | Found a snail-covered altar of Cheibriados.
  8584 | D:9      | Reached skill level 10 in Axes
  8634 | D:10     | Entered Level 10 of the Dungeon
  8641 | D:10     | Found a runed translucent gate.
  8641 | D:10     | Found a runed translucent gate.
  8641 | D:10     | Found a runed translucent gate.
  8641 | D:10     | Noticed flotson's ghost (journeyman DsHu)
  8642 | D:10     | Noticed a nine-headed hydra
  8958 | D:10     | Reached XP level 11. HP: 69/69 MP: 9/9
  9387 | D:11     | Found a staircase to the Orcish Mines.
  9400 | D:10     | Reached skill level 11 in Axes
  9523 | D:11     | Noticed a two-headed ogre
  9573 | D:10     | Killed a two-headed ogre
  9681 | D:11     | Noticed a two-headed ogre
  9692 | D:11     | Killed a two-headed ogre
  9835 | D:11     | Noticed a cyclops
  9916 | Lair:1   | Entered Level 1 of the Lair of Beasts
  9952 | Lair:1   | Reached skill level 12 in Axes
 10370 | Lair:1   | Reached skill level 1 in Shields
 11059 | Lair:2   | Reached skill level 13 in Axes
 11091 | Lair:2   | Reached XP level 12. HP: 44/75 MP: 10/10
 11377 | Lair:2   | Reached XP level 13. HP: 79/79 MP: 11/11
 11679 | Lair:2   | Reached skill level 5 in Shields
 11985 | Lair:2   | Found a staircase to the Swamp.
 12121 | Lair:3   | Noticed Urug
 12136 | Lair:3   | Reached skill level 14 in Axes
 12156 | Lair:3   | Killed Urug
 12784 | Lair:3   | Found a hole to the Spider Nest.
 13533 | Lair:4   | Found the +8 orange crystal plate armour {Archmagi, Int+3
                  | Clar}
 13843 | Lair:4   | Gained mutation: Your large and strong wings let you fly
                  | indefinitely. [Gargoyle growth]
 13843 | Lair:4   | Reached XP level 14. HP: 60/84 MP: 12/12
 13902 | Lair:4   | Got a sparkling iron ring
 13935 | Lair:4   | Identified the ring of the Endless Expanse {rF+ Str+3} (You
                  | found it on level 4 of the Lair of Beasts)
 14059 | Lair:4   | Reached skill level 15 in Axes
 15657 | Lair:6   | Entered Level 6 of the Lair of Beasts
 15792 | Lair:6   | Reached skill level 16 in Axes
 16017 | Lair:6   | Found a viscous altar of Jiyva.
 16017 | Lair:6   | Found a staircase to the Slime Pits.
 16265 | Lair:6   | Reached skill level 10 in Shields
 16731 | Lair:6   | Found a runed translucent door.
 16907 | Lair:6   | Reached XP level 15. HP: 76/88 MP: 13/13
 17645 | D:11     | Reached skill level 17 in Axes
 17712 | D:11     | Found a runed translucent door.
 18184 | D:11     | Noticed frimble's ghost (journeyman DsWr)
 18184 | D:11     | Identified the +9 spear of World Downfall {protect, rElec
                  | Stlth+}
 18210 | D:11     | Killed frimble's ghost
 19406 | D:13     | Noticed Jorgrun
 19542 | D:13     | Killed Jorgrun
 20036 | D:14     | Found a gate to the Vaults.
 20107 | D:14     | Cast into level 2 of the Abyss (a wizard)
 20107 | Abyss:2  | Found a corrupted altar of Lugonu.
 20152 | Abyss:2  | Found a corrupted altar of Lugonu.
 20170 | Abyss:2  | Found a corrupted altar of Lugonu.
 20365 | Abyss:2  | Found a corrupted altar of Lugonu.
 20375 | Abyss:2  | Reached skill level 18 in Axes
 20531 | Abyss:2  | Noticed an Executioner
 20553 | Abyss:2  | Killed an Executioner
 20594 | D:14     | Escaped the Abyss
 20705 | D:14     | Reached XP level 16. HP: 87/94 MP: 14/14
 21353 | D:15     | Entered Level 15 of the Dungeon
 21509 | D:15     | Reached skill level 15 in Shields
 21549 | D:15     | Noticed Kirke
 21743 | D:15     | Reached skill level 10 in Fighting
 21814 | D:15     | Noticed Azrael
 21846 | D:15     | Killed Azrael
 21960 | D:15     | Noticed a sphinx
 21964 | D:15     | Paralysed by a sphinx for 5 turns
 21980 | D:15     | Paralysed by a sphinx for 2 turns
 21989 | D:15     | Slain by a harpy

Skill      XL: |  1  2  3  4  5  6  7  8  9 10 11 12 13 14 15 16 |
---------------+-------------------------------------------------+-----
Axes           | 3 4 5 6 10 13 14 16 18 | 18.0
Stealth        | 3 4 5 6 8 |  8.5
Fighting       | 4 5 7 8 11 | 11.2
Dodging        | 3 4 5 6 |  6.2
Shields        | 3 4 7 10 13 15 | 15.0
Armour         | 8 |  8.9

Action                   |  1- 3 |  4- 6 |  7- 9 | 10-12 | 13-15 | 16-18 || total
-------------------------+-------+-------+-------+-------+-------+-------++-------
Melee: Hand axe          |   101 |   161 |   396 |   660 |     9 |       ||  1327
       Battleaxe         |       |       |       |   130 |       |       ||   130
       Broad axe         |       |       |       |       |  1259 |   259 ||  1518
       Eveningstar       |       |       |       |       |    20 |       ||    20
Throw: Stone             |    64 |    41 |    74 |     2 |    10 |       ||   191
       Javelin           |       |     6 |    50 |    91 |    72 |       ||   219
       Tomahawk          |       |       |       |       |     3 |       ||     3
Invok: Potion Petition   |       |       |       |     2 |     2 |       ||     4
Evoke: Wand              |       |       |    17 |       |    27 |       ||    44
       Phial of floods   |       |       |       |       |     1 |       ||     1
  Use: Scroll            |       |     2 |       |    11 |     4 |     1 ||    18
       Potion            |       |     1 |    10 |     1 |     5 |       ||    17
 Stab: Distracted        |       |       |     1 |     4 |     6 |     2 ||    13
       Petrified         |       |       |       |       |       |     3 ||     3
  Eat: Ration            |       |     1 |     6 |     7 |     9 |     2 ||    25
Armor: Robe              |     8 |       |       |       |       |       ||     8
       Chain mail        |    52 |    94 |   242 |    13 |       |       ||   401
       Plate armour      |       |       |       |   481 |   148 |       ||   629
       Crystal plate arm |       |       |       |       |   867 |   193 ||  1060
Dodge: Dodged            |    39 |    47 |   182 |   242 |   230 |    55 ||   795
Block: Shield            |       |       |       |    68 |   747 |   153 ||   968
